[ AOE2 MATCH · #506161602 ]
UnrankedMongols vs Bengalis
Player's team · WIN
Rival team · LOSS
[ REPLAY ANALYSIS · EXTRACTED FROM THE RECORDED GAME ]
Feudal
8:31
Castle
18:57
Imperial
—
| APM avg | 44.0 |
| APM peak | 78 |
| eAPM avg | 23.7 |
| Villagers / military | 70 / 51 |
Focus
⚔️ 24.3% · 🌾 75.7%
Scout Cavalry ×22 · Mangudai ×16 · Mangonel ×7 · Archer ×3 · Scorpion ×2 · Skirmisher ×1
Feudal
10:31
Castle
15:44
Imperial
—
| APM avg | 39.0 |
| APM peak | 95 |
| eAPM avg | 17.1 |
| Villagers / military | 27 / 33 |
Focus
⚔️ 18.3% · 🌾 81.7%
Ratha (Ranged) ×19 · Monk ×14
Match map
Initial resources + every placement click. Lines = walls · curves = elevation contours. ◆ gold · ⬟ stone · ● berries · ✦ relic · ◌ wall gap
Your base· Open — unwalled flank
ArthurMitchell3's base· Open — 4t gap
Smoothed initial terrain · ◌ = detected wall gap · hover for details
Inputs per minute
— HellionBlue - - ArthurMitchell3
Build order — HellionBlue
First 150 of 206 actions detected
| 0:02 | Build | House |
| 0:03 | Queue | Villager (Male) |
| 0:04 | Build | House |
| 0:05 | Queue | Villager (Male) |
| 0:05 | Queue | Villager (Male) |
| 0:05 | Queue | Villager (Male) |
| 0:05 | Queue | Villager (Male) |
| 1:34 | Queue | Villager (Male) |
| 2:01 | Queue | Villager (Male) |
| 2:27 | Queue | Villager (Male) |
| 2:27 | Queue | Villager (Male) |
| 2:44 | Build | Lumber Camp |
| 2:46 | Queue | Villager (Male) |
| 2:46 | Queue | Villager (Male) |
| 2:46 | Queue | Villager (Male) |
| 3:04 | Queue | Villager (Male) |
| 3:05 | Queue | Villager (Male) |
| 3:05 | Queue | Villager (Male) |
| 3:20 | Build | House |
| 3:35 | Queue | Villager (Male) |
| 4:41 | Queue | Villager (Male) |
| 4:52 | Build | Mill |
| 4:54 | Queue | Villager (Male) |
| 5:28 | Queue | Villager (Male) |
| 6:21 | Research | Feudal Age |
| 6:22 | Research | Feudal Age |
| 6:28 | Research | Loom |
| 6:33 | Queue | Villager (Male) |
| 6:47 | Build | House |
| 7:42 | Build | Barracks |
| 8:31 | Age | Feudal Age |
| 8:35 | Build | Stable |
| 8:46 | Research | Double-Bit Axe |
| 8:46 | Research | Double-Bit Axe |
| 8:48 | Queue | Villager (Male) |
| 9:03 | Queue | Villager (Male) |
| 9:10 | Build | House |
| 9:29 | Build | Mill |
| 9:30 | Queue | Scout Cavalry |
| 9:31 | Queue | Scout Cavalry |
| 9:36 | Queue | Villager (Male) |
| 10:04 | Queue | Villager (Male) |
| 10:19 | Build | House |
| 10:25 | Build | Palisade Wall |
| 10:27 | Queue | Villager (Male) |
| 10:43 | Queue | Villager (Male) |
| 10:46 | Build | Farm |
| 10:47 | Build | Farm |
| 10:47 | Build | Farm |
| 10:47 | Build | Farm |
| 10:47 | Build | Farm |
| 11:33 | Build | Archery Range |
| 11:38 | Queue | Villager (Male) |
| 11:40 | Build | Farm |
| 11:58 | Build | Farm |
| 12:00 | Queue | Villager (Male) |
| 12:21 | Build | Farm |
| 12:21 | Build | Farm |
| 12:21 | Build | Farm |
| 12:22 | Build | Farm |
| 12:31 | Build | Farm |
| 12:49 | Queue | Villager (Male) |
| 12:49 | Queue | Villager (Male) |
| 12:53 | Build | Farm |
| 12:59 | Build | Farm |
| 13:12 | Build | Farm |
| 13:12 | Queue | Villager (Male) |
| 13:24 | Queue | Archer |
| 13:41 | Queue | Villager (Male) |
| 13:49 | Build | Mining Camp |
| 13:55 | Build | House |
| 14:02 | Build | House |
| 14:32 | Queue | Villager (Male) |
| 14:32 | Queue | Villager (Male) |
| 14:35 | Build | Farm |
| 14:59 | Queue | Villager (Male) |
| 15:01 | Queue | Skirmisher |
| 15:25 | Build | Market |
| 15:27 | Build | Palisade Wall |
| 15:29 | Build | Palisade Wall |
| 16:17 | Research | Castle Age |
| 16:17 | Research | Castle Age |
| 16:22 | Build | Palisade Wall |
| 16:24 | Build | Palisade Wall |
| 16:36 | Build | Palisade Wall |
| 16:38 | Build | House |
| 16:47 | Build | Lumber Camp |
| 17:11 | Queue | Scout Cavalry |
| 17:11 | Queue | Scout Cavalry |
| 17:12 | Queue | Archer |
| 17:12 | Queue | Archer |
| 17:34 | Research | Horse Collar |
| 17:35 | Research | Horse Collar |
| 17:51 | Research | Bloodlines |
| 17:51 | Research | Bloodlines |
| 18:07 | Build | House |
| 18:29 | Build | Blacksmith |
| 18:57 | Age | Castle Age |
| 19:14 | Build | Siege Workshop |
| 19:23 | Build | Palisade Wall |
| 19:24 | Build | Palisade Wall |
| 19:35 | Build | Palisade Gate |
| 19:38 | Build | House |
| 20:05 | Queue | Scorpion |
| 20:17 | Queue | Mangonel |
| 20:21 | Build | House |
| 20:24 | Queue | Villager (Male) |
| 20:28 | Queue | Villager (Male) |
| 20:41 | Queue | Villager (Male) |
| 20:45 | Queue | Villager (Male) |
| 20:47 | Build | Farm |
| 20:52 | Queue | Mangonel |
| 21:01 | Research | Light Cavalry (upgrade) |
| 21:01 | Research | Light Cavalry (upgrade) |
| 21:41 | Build | Lumber Camp |
| 21:51 | Queue | Scout Cavalry |
| 22:20 | Queue | Villager (Male) |
| 22:39 | Build | Farm |
| 22:40 | Queue | Villager (Male) |
| 22:50 | Queue | Scout Cavalry |
| 22:51 | Queue | Scout Cavalry |
| 22:57 | Build | Lumber Camp |
| 23:04 | Queue | Scorpion |
| 23:11 | Build | Farm |
| 23:12 | Build | Farm |
| 23:13 | Build | Farm |
| 23:16 | Queue | Scout Cavalry |
| 23:17 | Queue | Scout Cavalry |
| 23:29 | Queue | Villager (Male) |
| 23:29 | Queue | Villager (Male) |
| 23:45 | Queue | Villager (Male) |
| 23:53 | Build | Mining Camp |
| 23:59 | Queue | Villager (Male) |
| 24:12 | Queue | Mangonel |
| 24:18 | Queue | Scout Cavalry |
| 25:16 | Queue | Scout Cavalry ×2 |
| 25:36 | Queue | Villager (Male) |
| 25:38 | Queue | Mangonel |
| 25:42 | Queue | Villager (Male) |
| 25:42 | Queue | Villager (Male) |
| 25:47 | Build | Stable |
| 25:50 | Queue | Villager (Male) |
| 25:55 | Build | Farm |
| 25:56 | Build | Farm |
| 26:45 | Build | House |
| 26:46 | Build | House |
| 26:46 | Build | House |
| 26:46 | Build | House |
| 26:47 | Build | House |
| 26:47 | Build | House |
Build order — ArthurMitchell3
118 actions detected in the replay
| 0:01 | Queue | Villager (Male) |
| 0:02 | Queue | Villager (Male) |
| 0:02 | Queue | Villager (Male) |
| 0:02 | Queue | Villager (Male) |
| 0:05 | Build | House |
| 0:07 | Build | House |
| 1:23 | Queue | Villager (Male) |
| 2:06 | Queue | Villager (Male) |
| 2:16 | Build | House |
| 2:20 | Build | House |
| 2:24 | Queue | Villager (Male) |
| 2:24 | Queue | Villager (Male) |
| 2:43 | Queue | Villager (Male) |
| 2:51 | Build | Lumber Camp |
| 3:12 | Queue | Villager (Male) |
| 3:40 | Queue | Villager (Male) |
| 3:56 | Queue | Villager (Male) |
| 4:36 | Queue | Villager (Male) |
| 4:52 | Queue | Villager (Male) |
| 4:58 | Build | Mill |
| 5:23 | Queue | Villager (Male) |
| 5:25 | Queue | Villager (Male) |
| 6:09 | Queue | Villager (Male) |
| 6:23 | Queue | Villager (Male) |
| 6:45 | Build | Mining Camp |
| 6:48 | Queue | Villager (Male) |
| 6:49 | Queue | Villager (Male) |
| 7:01 | Research | Loom |
| 7:53 | Build | Palisade Wall |
| 7:55 | Build | Palisade Wall |
| 7:55 | Build | Palisade Wall |
| 7:55 | Build | Palisade Wall |
| 7:58 | Build | Palisade Wall |
| 8:00 | Build | Palisade Wall |
| 8:00 | Build | Palisade Wall |
| 8:19 | Research | Feudal Age |
| 8:19 | Research | Feudal Age |
| 8:42 | Build | Palisade Wall |
| 8:44 | Build | Palisade Wall |
| 8:48 | Build | Palisade Wall |
| 8:49 | Build | Palisade Wall |
| 8:50 | Build | Palisade Wall |
| 8:51 | Build | Palisade Wall |
| 9:00 | Build | Mill |
| 9:05 | Build | Palisade Wall |
| 9:06 | Build | Palisade Wall |
| 9:14 | Build | Mill |
| 9:54 | Build | Palisade Wall |
| 10:31 | Age | Feudal Age |
| 10:33 | Build | Blacksmith |
| 10:41 | Build | Market |
| 10:58 | Build | Palisade Wall |
| 11:21 | Build | House |
| 11:23 | Build | Palisade Wall |
| 13:04 | Research | Castle Age |
| 14:16 | Build | Mining Camp |
| 15:44 | Age | Castle Age |
| 15:50 | Build | Castle |
| 16:37 | Queue | Ratha (Ranged) |
| 16:37 | Queue | Ratha (Ranged) |
| 16:52 | Build | House |
| 17:03 | Research | Forging |
| 17:15 | Queue | Ratha (Ranged) |
| 17:15 | Queue | Ratha (Ranged) |
| 17:28 | Queue | Villager (Male) |
| 17:28 | Queue | Villager (Male) |
| 17:43 | Queue | Ratha (Ranged) |
| 17:56 | Queue | Ratha (Ranged) |
| 18:25 | Queue | Villager (Male) |
| 18:25 | Queue | Ratha (Ranged) |
| 18:52 | Queue | Ratha (Ranged) |
| 19:36 | Research | Iron Casting |
| 20:25 | Build | Monastery |
| 20:46 | Queue | Ratha (Ranged) |
| 20:46 | Queue | Ratha (Ranged) |
| 21:10 | Queue | Monk |
| 21:15 | Build | House |
| 21:21 | Queue | Ratha (Ranged) |
| 21:21 | Queue | Ratha (Ranged) |
| 21:43 | Queue | Villager (Male) |
| 21:56 | Build | Monastery |
| 22:20 | Queue | Ratha (Ranged) |
| 22:20 | Queue | Ratha (Ranged) |
| 22:29 | Research | Redemption |
| 23:01 | Research | Sanctity |
| 23:31 | Queue | Monk |
| 23:55 | Queue | Monk |
| 24:36 | Queue | Monk |
| 24:37 | Queue | Monk |
| 25:09 | Queue | Monk |
| 25:11 | Queue | Monk |
| 26:07 | Queue | Monk |
| 26:07 | Queue | Monk |
| 26:38 | Queue | Monk |
| 26:38 | Queue | Monk |
| 27:03 | Queue | Monk |
| 27:03 | Queue | Monk |
| 27:13 | Queue | Ratha (Ranged) |
| 27:13 | Queue | Ratha (Ranged) |
| 28:06 | Queue | Monk |
| 28:23 | Build | Farm |
| 28:24 | Build | Farm |
| 28:24 | Build | Farm |
| 28:24 | Build | Farm |
| 31:39 | Build | Farm |
| 31:39 | Build | Farm |
| 31:39 | Build | Farm |
| 31:40 | Build | Farm |
| 31:40 | Build | Farm |
| 31:40 | Build | Farm |
| 31:40 | Build | Farm |
| 33:46 | Research | Imperial Age |
| 33:47 | Queue | Ratha (Ranged) |
| 33:48 | Queue | Ratha (Ranged) |
| 33:48 | Queue | Ratha (Ranged) |
| 34:27 | Queue | Villager (Male) |
| 34:27 | Queue | Villager (Male) |
| 34:28 | Queue | Villager (Male) |
Match timeline
| 7:42 | HellionBlue · first_building Barracks |
| 7:53 | ArthurMitchell3 · wall_segment Palisade Wall x1 |
| 7:55 | ArthurMitchell3 · wall_segment Palisade Wall x1 |
| 7:55 | ArthurMitchell3 · wall_segment Palisade Wall x1 |
| 7:55 | ArthurMitchell3 · wall_segment Palisade Wall x1 |
| 7:58 | ArthurMitchell3 · wall_segment Palisade Wall x1 |
| 8:00 | ArthurMitchell3 · wall_segment Palisade Wall x1 |
| 8:00 | ArthurMitchell3 · wall_segment Palisade Wall x1 |
| 8:31 | HellionBlue · age_up feudal |
| 8:35 | HellionBlue · first_building Stable |
| 8:42 | ArthurMitchell3 · wall_segment Palisade Wall x1 |
| 8:44 | ArthurMitchell3 · wall_segment Palisade Wall x1 |
| 8:48 | ArthurMitchell3 · wall_segment Palisade Wall x1 |
| 8:49 | ArthurMitchell3 · wall_segment Palisade Wall x1 |
| 8:50 | ArthurMitchell3 · wall_segment Palisade Wall x1 |
| 8:51 | ArthurMitchell3 · wall_segment Palisade Wall x1 |
| 9:05 | ArthurMitchell3 · wall_segment Palisade Wall x1 |
| 9:06 | ArthurMitchell3 · wall_segment Palisade Wall x1 |
| 9:54 | ArthurMitchell3 · wall_segment Palisade Wall x1 |
| 10:25 | HellionBlue · wall_segment Palisade Wall x7 |
| 10:31 | ArthurMitchell3 · age_up feudal |
| 10:58 | ArthurMitchell3 · wall_segment Palisade Wall x1 |
| 11:23 | ArthurMitchell3 · wall_segment Palisade Wall x1 |
| 11:33 | HellionBlue · first_building Archery Range |
| 11:55 | ArthurMitchell3 · first_market_sell 100 stone |
| 15:27 | HellionBlue · wall_segment Palisade Wall x1 |
| 15:29 | HellionBlue · wall_segment Palisade Wall x4 |
| 15:44 | ArthurMitchell3 · age_up castle |
| 15:50 | ArthurMitchell3 · first_building Castle |
| 16:22 | HellionBlue · wall_segment Palisade Wall x4 |
| 16:24 | HellionBlue · wall_segment Palisade Wall x7 |
| 16:36 | HellionBlue · wall_segment Palisade Wall x10 |
| 18:57 | HellionBlue · age_up castle |
| 19:09 | HellionBlue · first_market_buy 100 wood |
| 19:14 | HellionBlue · first_building Siege Workshop |
| 19:23 | HellionBlue · wall_segment Palisade Wall x1 |
| 19:24 | HellionBlue · wall_segment Palisade Wall x1 |
| 19:24 | ArthurMitchell3 · first_market_buy 100 food |
| 19:48 | HellionBlue · first_market_sell 100 food |
| 20:25 | ArthurMitchell3 · first_building Monastery |
| 27:32 | HellionBlue · first_building Castle |
| 36:19 | ArthurMitchell3 · resign |
[ AI ANALYSIS · 1 CREDIT ]
What really happened in this match?
Wolo.gg analyzes every decision: build order, eco, micro, common mistakes by bracket. Personalized analysis on WhatsApp or Discord in 30 seconds.
Civ guide
Mongols
Perfil
Jugador #2698259